 Dungeon Sprint DCSS version 0.31-a0-750-gfe7b580527 (webtiles) character file.

Game seed: 18258324371615688670

186 rocky1 the Fighter (level 5, 67/67 HPs)
             Began as an Ogre Berserker on Sept 14, 2023.
             Was an Initiate of Cheibriados.
             Quit the game in the Dungeon (Sprint IX: "|||||||||||||||||||||||||||||").
             The game lasted 00:02:07 (769 turns).

rocky1 the Fighter (Ogre Berserker)                  Turns: 769, Time: 00:02:07

Health: 67/67      AC:  4    Str: 24    XL:     5   Next: 65%
Magic:  5/5        EV: 11    Int: 12    God:    Cheibriados [......]
Gold:   0          SH:  0    Dex: 12    Spells: 4/4 levels left

rFire   . . .        i - +2 morningstar (protect)
rCold   . . .        (no shield)
rNeg    . . .        b - +0 animal skin
rPois   .            (helmet restricted)
rElec   .            l - +0 cloak
rCorr   .            (gloves unavailable)
SInv    .            (boots unavailable)
Will    .....        (no amulet)
Stlth   +            k - +3 ring of intelligence
HPRegen 0.31/turn    j - +3 ring of dexterity
MPRegen 0.09/turn

%: no teleportation
@: very slow
A: large, unfitting armour, tough skin 1
a: Renounce Religion


You were in the Dungeon.
You worshipped Cheibriados.
Cheibriados was noncommittal.
You visited 1 branch

Inventory:

Hand Weapons
 a - a +0 mace
 i - a +2 morningstar of protection (weapon)
Armour
 b - a +0 animal skin (worn)
 l - a +0 cloak (worn)
Jewellery
 j - a +3 ring of dexterity (right hand)
 k - a +3 ring of intelligence (left hand)
Wands
 g - a wand of light (10)
Scrolls
 h - 2 scrolls of blinking
Potions
 c - a potion of invisibility
 d - 2 potions of heal wounds
 e - 4 potions of curing
 f - 4 potions of magic


   Skills:
 + Level 9.4 Fighting
 + Level 6.9 Maces & Flails
 + Level 5.9 Dodging


You had 4 spell levels left.
You didn't know any spells.
Your spell library was empty.

Dungeon Overview and Level Annotations

Branches:
Dungeon (1/1)

Altars:
Cheibriados
Dithmenos
Elyvilon
Fedhas
Gozag
Hepliaklqana
Kikubaaqudgha
Makhleb
Nemelex Xobeh
Okawaru
Qazlal
Ru
Sif Muna
Trog
Uskayaw
Vehumet
Wu Jian
Xom
Yredelemnul
Zin
The Shining One
Jiyva
Lugonu


Innate Abilities, Weirdness & Mutations

You are too large for most types of armour.
You have tough skin. (AC +1)


Message History

Items here: ))))).
You see here 2 scrolls of amnesia.
There is an open door here.
There is a glowing golden altar of the Shining One here.
There is a glowing silver altar of Zin here.
There is a basalt altar of Yredelemnul here.
There is a shimmering altar of Xom here.
There is an ornate altar of the Wu Jian Council here.
There is a radiant altar of Vehumet here.
There is a hide-covered altar of Uskayaw here.
There is a bloodstained altar of Trog here.
There is a shimmering blue altar of Sif Muna here.
There is a sacrificial altar of Ru here.
There is a stormy altar of Qazlal here.
There is an iron altar of Okawaru here.
There is a sparkling altar of Nemelex Xobeh here.
There is a burning altar of Makhleb here.
There is a corrupted altar of Lugonu here.
There is an ancient bone altar of Kikubaaqudgha here.
There is a viscous altar of Jiyva here.
There is a hazy altar of Hepliaklqana here.
There is an opulent altar of Gozag here.
There is a blossoming altar of Fedhas here.
There is a white marble altar of Elyvilon here.
There is a shadowy altar of Dithmenos here.
There is a white marble altar of Elyvilon here.
There is a blossoming altar of Fedhas here.
There is an opulent altar of Gozag here.
There is a blossoming altar of Fedhas here.
There is a white marble altar of Elyvilon here.
There is a shadowy altar of Dithmenos here.
There is a snail-covered altar of Cheibriados here.
You kneel at the altar of Cheibriados.
You kneel at the altar of Cheibriados.
You have lost your religion!
Trog does not appreciate desertion!
Cheibriados welcomes you!
Cheibriados begins to support your attributes as your movement slows.
Cheibriados is now slowing the effects of poison on you.
Are you sure you want to abandon this character and quit the game? (Confirm with "yes".)

▓_▓
▓_▓
▓_▓
▓_▓
▓_▓
▓_▓
▓_▓
▓_▓
▓@▓
▓_▓
▓'▓
▓.▓
▓.▓
▓.▓
▓.▓
▓.▓
▓)▓


There were no monsters in sight!

Vanquished Creatures
  A phantom (D)
  A scorpion (D)
  A howler monkey (D)
  A dart slug (D)
  An orc (D)
  3 endoplasms (D)
  A goblin (D)
  A bat (D)
10 creatures vanquished.

Notes
Turn   | Place    | Note
-------+----------+-------------------------------------------
     0 | D        | rocky1 the Ogre Berserker began the quest for the Orb.
     0 | D        | Reached XP level 1. HP: 24/24 MP: 1/1
    10 | D        | Reached ** piety under Trog
    29 | D        | Noticed a scorpion
    29 | D        | Noticed a phantom
    29 | D        | Noticed a howler monkey
    34 | D        | Killed a howler monkey
    35 | D        | Reached skill level 6 in Fighting
    35 | D        | Reached XP level 2. HP: 37/37 MP: 2/2
    35 | D        | Reached XP level 3. HP: 45/45 MP: 3/3
    36 | D        | Reached *** piety under Trog
    49 | D        | Killed a phantom
    50 | D        | Reached skill level 8 in Fighting
    50 | D        | Reached skill level 5 in Dodging
    50 | D        | Reached XP level 4. HP: 15/58 MP: 4/4
    50 | D        | Reached XP level 5. HP: 17/65 MP: 5/5
    60 | D        | Reached skill level 9 in Fighting
    62 | D        | HP: 3/67 [poisoned by a scorpion]
   678 | D        | Found a snail-covered altar of Cheibriados.
   678 | D        | Found a shadowy altar of Dithmenos.
   678 | D        | Found a white marble altar of Elyvilon.
   678 | D        | Found a blossoming altar of Fedhas.
   678 | D        | Found an opulent altar of Gozag.
   679 | D        | Found a hazy altar of Hepliaklqana.
   680 | D        | Found a viscous altar of Jiyva.
   681 | D        | Found an ancient bone altar of Kikubaaqudgha.
   682 | D        | Found a corrupted altar of Lugonu.
   683 | D        | Found a burning altar of Makhleb.
   684 | D        | Found a sparkling altar of Nemelex Xobeh.
   685 | D        | Found an iron altar of Okawaru.
   686 | D        | Found a stormy altar of Qazlal.
   687 | D        | Found a sacrificial altar of Ru.
   688 | D        | Found a shimmering blue altar of Sif Muna.
   689 | D        | Found a bloodstained altar of Trog.
   690 | D        | Found a hide-covered altar of Uskayaw.
   691 | D        | Found a radiant altar of Vehumet.
   692 | D        | Found an ornate altar of the Wu Jian Council.
   693 | D        | Found a shimmering altar of Xom.
   694 | D        | Found a basalt altar of Yredelemnul.
   695 | D        | Found a glowing silver altar of Zin.
   696 | D        | Found a glowing golden altar of the Shining One.
   768 | D        | Fell from the grace of Trog
   768 | D        | Became a worshipper of Cheibriados the Contemplative
   769 | D        | Quit the game

Illustrated notes

Levels and vault maps discovered:
D:        linesprint [early_d, line_temple, items_1, d_10, items_2, lair_1,
          lair_end, items_3, orc_1, orc_end, items_4, d_15, swamp_1, shoals_1,
          snake_1, spider_1, d_20, vaults_1, items_5, swamp_end, shoals_end,
          snake_end, spider_end, vaults_end, d_27, items_6, zot_1, zot_end,
          crypt_end, forest_end, elf_end, slime_end, tomb_end, abyss_end,
          pan_hell_end]

Skill      XL: |  1  2  3  4  5 |
---------------+----------------+-----
Maces & Flails | 4 6 |  6.9
Dodging        | 4 5 |  5.9
Fighting       | 6 8 9 |  9.4

Action                     |  1- 3 |  4- 6 || total
---------------------------+-------+-------++-------
  Melee: Mace              |    28 |    13 ||    41
         Punch             |     1 |       ||     1
    Use: Potion            |     1 |     3 ||     4
 Armour: Animal skin       |    17 |    14 ||    31
  Dodge: Dodged            |    16 |     7 ||    23

Table legend: (Time is in decaauts)
 A = Elapsed time spent in this place.
 B = Non-inter-level travel time spent in this place.
 C = Inter-level travel time spent in this place.
 D = Time resting spent in this place.
 E = Time spent auto-exploring this place.
 F = Levels seen in this place.
 G = Mean time per level.
                   A        B        C        D        E       F      G
               +--------+--------+--------+--------+--------+-----+--------+
         Total |    770 |    770 |      0 |    606 |      0 |   1 |  770.0 |
       Dungeon |    770 |    770 |      0 |    606 |      0 |   1 |  770.0 |
               +--------+--------+--------+--------+--------+-----+--------+

Top non-repeatable levels by time:
       D: 770 daAuts
